 Dungeon Crawl Stone Soup version 0.20-a0-870-g4070442 (webtiles) character file.

903 JeffiDaFish the Digger (level 8, -12/45 HPs)
             Began as a Gargoyle Earth Elementalist on Mar 13, 2017.
             Mangled by an ogre
             ... wielding a +0 giant spiked club
              (22 damage)
             ... on level 4 of the Dungeon.
             The game lasted 00:15:21 (4726 turns).

JeffiDaFish the Digger (GrEE)                       Turns: 4726, Time: 00:15:21

Health: -12/45     AC: 13    Str: 14    XL:     8   Next: 7%
Magic:  3/14       EV: 12    Int: 16    God:
Gold:   247        SH:  2    Dex: 12    Spells: 12/16 levels left

rFire    . . .     SeeInvis .   q - +1 spear (flame)
rCold    . . .     Gourm    .   f - +0 leather armour
rNeg     + . .     Faith    .   (no shield)
rPois    ∞         Spirit   .   (no helmet)
rElec    +         Reflect  +   (no cloak)
rCorr    .         Harm     .   n - +0 pair of gloves
MR       .....                  (no boots)
Stlth    ++........             c - +2 amulet of reflection
Regen    0.6/turn               (no ring)
MPRegen  0.2/turn               p - +2 ring of strength

@: no status effects
A: iridescent scales 2, negative energy resistance 1, regeneration 1,
electricity resistance, unbreathing, petrification resistance, rot immunity,
MP-powered wands, AC +5
a: no special abilities


You were on level 4 of the Dungeon.
You were not hungry.

You visited 1 branch of the dungeon, and saw 4 of its levels.

You collected 247 gold pieces.

Inventory:

Hand Weapons
 q - a +1 spear of flaming (weapon)
Missiles
 b - 20 stones (quivered)
Armour
 f - a +0 leather armour (worn)
 n - a +0 pair of gloves (worn)
Jewellery
 c - a +2 amulet of reflection (around neck)
 p - a +2 ring of strength (left hand)
Scrolls
 g - a scroll of fear
 h - a scroll of remove curse
 i - a scroll of fog
 k - 2 scrolls of teleportation
 m - a scroll of identify
Books
 e - a book of Geomancy

   Spells                             Type                      Level
   a - Sandblast                      Earth                        1
   b - Passwall                       Transmutation/Earth          2
   c - Stone Arrow                    Conjuration/Earth            3
   d - Petrify                        Transmutation/Earth          4
   e - Lee's Rapid Deconstruction     Earth                        5
 o - a book of Cantrips

   Spells                             Type                      Level
   a - Confusing Touch                Hexes                        1
   b - Animate Skeleton               Necromancy                   1
   c - Summon Small Mammal            Summoning                    1
   d - Apportation                    Translocation                1
Comestibles
 a - 2 meat rations
 d - 8 bread rations
 j - 14 chunks of flesh
 l - a royal jelly


   Skills:
 + Level 2.7 Fighting
   Level 1.3 Short Blades
 + Level 1.2 Polearms
 - Level 1.5 Armour
 + Level 2.9 Dodging
 + Level 3.6 Stealth
 * Level 4.6 Spellcasting
 + Level 2.5 Conjurations
   Level 0.7 Transmutations
 * Level 6.1 Earth Magic


You had 12 spell levels left.
You knew the following spells:

 Your Spells              Type           Power        Failure   Level  Hunger
a - Sandblast             Erth           ###...       1%          1    None
b - Stone Arrow           Conj/Erth      ###...       12%         3    ###....


Dungeon Overview and Level Annotations

Branches:
Dungeon (4/15)
 Temple: D:4-7

Altars:
Ashenzari


Innate Abilities, Weirdness & Mutations

You are resistant to torment.
Your stone body is resilient. (AC +5)
You are immune to poison.
You resist negative energy. (rN+)
You are resistant to electric shocks. (rElec)
You can survive without breathing.
You are immune to petrification.
You are immune to rotting.
You are mostly covered in iridescent scales. (AC +4)
Your natural rate of healing is unusually fast.
You expend magic power (3 MP) to strengthen your wands.


Message History

The ogre is heavily wounded.
Casting: Stone Arrow
Confirm with . or Enter, or press ? or * to list all spells.
You don't have enough magic to cast that spell.
You barely miss the ogre.
The ogre is heavily wounded.
The ogre hits you with a giant spiked club!!
Ouch! That really hurt!
You hit the ogre but do no damage.
The ogre is heavily wounded.
The ogre hits you with a giant spiked club!
* * * LOW HITPOINT WARNING * * *
Attack whom?
Press: ? - help, Dir - move target cursor, f/p - ogre
Aim: an ogre, wielding a giant spiked club (heavily wounded)
You reach to attack!
You hit the ogre but do no damage.
The ogre is heavily wounded.
There is a stone staircase leading up here.
The ogre hits you with a giant spiked club!!
You die...

...≈.....# .# ⌠≈≈......#
#.### ≈⌠....!..# .....
...≈†g...# ###...##
.≈≈..≈...# #......#
≈....≈...# #.....#
...≈≈....#######....##..
..≈≈......)..g..........
≈≈≈≈###.#####.gO@.......
≈≈≈# ### #...........
### ####....#### #....#
#...># ####.# .. .#.


You could see an ogre and 2 gnolls.

Vanquished Creatures
  A gnoll sergeant (D:3)
  A scorpion (D:3)
  A hound (D:3)
  Jessica (D:2)
  Terence (D:2)
  Ijyb (D:2)
  A worker ant (D:3)
  6 adders
  48 gnolls
  A shadow imp (D:3)
  2 oozes
  A worm (D:2)
  2 dart slugs
  3 leopard geckos
  3 orcs (D:3)
  7 giant cockroaches
  12 goblins
  4 hobgoblins (D:2)
  17 jackals (D:3)
  A quokka (D:3)
  2 ball pythons
  9 bats
  6 frilled lizards (D:2)
  8 kobolds
  10 rats
149 creatures vanquished.

Notes
Turn   | Place    | Note
-------+----------+-------------------------------------------
     0 | D:1      | JeffiDaFish the Gargoyle Earth Elementalist began the quest for the Orb.
     0 | D:1      | Reached XP level 1. HP: 10/10 MP: 3/3
   192 | D:1      | Reached XP level 2. HP: 9/15 MP: 0/5
   295 | D:1      | Reached skill level 4 in Earth Magic
   815 | D:1      | Reached XP level 3. HP: 19/19 MP: 3/6
   824 | D:1      | Learned a level 3 spell: Stone Arrow
  1136 | D:2      | Gained mutation: You are partially covered in iridescent scales. (AC +2) [potion of mutation]
  1136 | D:2      | Gained mutation: You expend magic power (3 MP) to strengthen your wands. [potion of mutation]
  1136 | D:2      | Gained mutation: You are mostly covered in iridescent scales. (AC +4) [potion of mutation]
  1136 | D:2      | Gained mutation: Your natural rate of healing is unusually fast. [potion of mutation]
  1325 | D:2      | Reached XP level 4. HP: 24/24 MP: 6/8
  1378 | D:2      | Noticed Ijyb
  1389 | D:2      | Killed Ijyb
  1424 | D:2      | Noticed Terence
  1426 | D:2      | Noticed Jessica
  1496 | D:2      | Killed Terence
  1496 | D:2      | Reached XP level 5. HP: 9/28 MP: 2/9
  1535 | D:2      | Killed Jessica
  1606 | D:2      | Reached skill level 1 in Fighting
  1675 | D:2      | Reached skill level 1 in Armour
  2003 | D:3      | Found a shattered altar of Ashenzari.
  2655 | D:3      | Reached skill level 1 in Short Blades
  2772 | D:3      | Reached XP level 6. HP: 33/34 MP: 6/11
  3226 | D:3      | Reached skill level 1 in Conjurations
  3226 | D:3      | Reached skill level 5 in Earth Magic
  3441 | D:3      | Reached XP level 7. HP: 40/40 MP: 2/12
  3951 | D:3      | Reached skill level 1 in Polearms
  4605 | D:3      | Reached skill level 6 in Earth Magic
  4605 | D:3      | Reached XP level 8. HP: 40/45 MP: 1/14
  4726 | D:4      | Mangled by an ogre

Vault maps used:
D:1:      minmay_arrival_four_circles
D:2:      first_bread, uniq_iyjb, uniq_terence, uniq_jessica
D:3:      lemuel_castle_with_subvaults, evilmike_ruin_ashenzari
D:4:      cheibrodos_helix_gallery, hangedman_minor_gate_pass

Skill      XL: |  1  2  3  4  5  6  7 |
---------------+----------------------+-----
Earth Magic    | 4 5 6 |  6.1
Dodging        | 2 |  2.9
Spellcasting   | 3 4 |  4.6
Fighting       | 1 2 |  2.7
Armour         | 1 |  1.5
Short Blades   | 1 |  1.3
Conjurations   | 1 2 |  2.5
Stealth        | 3 |  3.6
Polearms       | 1 |  1.2
Transmutations | |  0.7

Action                   |  1- 3 |  4- 6 |  7- 9 || total
-------------------------+-------+-------+-------++-------
Melee: Unarmed           |    38 |       |       ||    38
       Dagger            |    57 |   260 |       ||   317
       Spear             |       |    52 |   277 ||   329
       Halberd           |       |    30 |       ||    30
 Cast: Sandblast         |    42 |    26 |    15 ||    83
       Stone Arrow       |     2 |    29 |    23 ||    54
  Use: Scroll            |     5 |     6 |     1 ||    12
       Potion            |     3 |     3 |       ||     6
 Stab: Sleeping          |       |     7 |     4 ||    11
  Eat: Chunk             |     2 |    11 |     7 ||    20
Armor: Leather armour    |    42 |   133 |   128 ||   303
Dodge: Dodged            |    61 |   230 |   220 ||   511
Block: Other             |     5 |    20 |    24 ||    49
